 Dungeon Crawl Stone Soup version 0.27-a0-1232-gc6a4cbde82 (console) character file.

Game seed: 9956305552976378899

200 jejorda2 the Ducker (level 5, 0/42 HPs)
             Began as a Merfolk Berserker on June 8, 2021.
             Was a Believer of Trog.
             Frozen to death by an endoplasm (4 damage)
             ... on level 4 of the Dungeon.
             The game lasted 00:05:41 (3395 turns).

jejorda2 the Ducker (Merfolk Berserker)             Turns: 3395, Time: 00:05:42

Health: 0/42       AC: 10    Str: 19    XL:     5   Next: 78%
Magic:  5/5        EV:  9    Int:  6    God:    Trog [**....]
Gold:   51         SH:  0    Dex: 13    Spells: 4/4 levels left

rFire    . . .     SeeInvis .   a - +1 falchion
rCold    . . .     Faith    .   (no shield)
rNeg     . . .     Spirit   .   k - +0 chain mail
rPois    .         Reflect  .   (no helmet)
rElec    .         Harm     .   c - +1 cloak
rCorr    .         Rampage  .   (no gloves)
Will     ++...                  (no boots)
Stlth    ..........             (no amulet)
HPRegen  1.14/turn              (no ring)
MPRegen  0.09/turn              (no ring)

@: strong-willed, on berserk cooldown, regenerating, slowed, very slow
A: (nimble swimmer 2), mertail
a: Renounce Religion, Berserk, Trog's Hand


You were on level 4 of the Dungeon.
You worshipped Trog.
Trog was pleased with you.
You visited 1 branch of the dungeon, and saw 4 of its levels.

You collected 86 gold pieces.
You spent 35 gold pieces at shops.

Inventory:

Hand Weapons
 a - a +1 falchion (weapon)
Missiles
 b - a throwing net
 d - 5 silver javelins
Armour
 c - a +1 cloak (worn)
 k - a +0 chain mail (worn)
Scrolls
 j - 2 scrolls of fear
 p - a scroll of magic mapping
Potions
 f - a potion of resistance {unknown}
 h - a potion of lignification {unknown}
 i - 5 potions of curing
 l - a potion of might {unknown}
 m - a potion of haste {unknown}


   Skills:
 + Level 4.1 Fighting
 * Level 4.7 Long Blades
 + Level 2.1 Armour
 * Level 4.9 Dodging


You had 4 spell levels left.
You didn't know any spells.
Your spell library was empty.

Dungeon Overview and Level Annotations

Branches:
Dungeon (4/15)             Temple (0/1) D:4

Altars:
Hepliaklqana
Makhleb
Okawaru
Trog

Shops:
D:2 =*(*[

Annotations:
D:4 Ijyb


Innate Abilities, Weirdness & Mutations

((You are quick and stealthy near water. (Stealth+, EV+, Speed+++)))
Your lower body shifts to a powerful aquatic tail in water.


Message History

You completely miss the scorpion.
The scorpion is moderately wounded.
You feel sick. The scorpion stings you.
You are more poisoned.
The scorpion poisons you!
You hit the scorpion.
The scorpion is heavily wounded.
You feel very sick.
The scorpion stings you but does no damage.
You hit the scorpion.
The scorpion is severely wounded.
You feel very sick.
The scorpion stings you but does no damage.
You slash the scorpion!
You kill the scorpion!
Trog accepts your kill.
You feel sick.
You start resting.
You feel sick.
You feel a strong urge to attack something.
You feel sick.
You start resting.
You feel sick.
You feel your anger nearly subside.
You are no longer berserk.
You are exhausted.
You feel yourself slow down.
You feel sick.
You start resting.
You feel sick. x2
An endoplasm is nearby!
You feel sick.
The endoplasm quivers.
You feel sick.
You are no longer poisoned.
Ijyb the Twisted Goblin comes into view.
She is wielding a +0 club, wearing a +0 ring mail of fire resistance and carrying a wand of paralysis (9).
Ijyb shouts!
Your skin crawls.
You feel strong-willed. The endoplasm freezes you.
You are frozen.
* * * LOW HITPOINT WARNING * * *
The endoplasm freezes you.
You are frozen.
You die...

#####.# #J# .
#...#.###.##### .
###.............###
#.......###.#.....#
...?....###J..###.
#.............#
###...#.####..###.#
...................
###.#[.###J@.......
##.#.....#.##.###
#.#######.8#.# #
g># # .8# ... ....
####


You could see Ijyb and an endoplasm.

Vanquished Creatures
  A scorpion (D:4)
  Jessica (D:3)
  An iguana (D:4)
  3 gnolls (D:3)
  A worm (D:2)
  A dart slug (D:2)
  7 ball pythons
  4 endoplasms
  A giant cockroach (D:3)
  4 goblins
  4 hobgoblins
  7 jackals
  2 quokkas
  5 bats
  3 frilled lizards
  6 kobolds
  6 rats
57 creatures vanquished.

Notes
Turn   | Place    | Note
-------+----------+-------------------------------------------
     0 | D:1      | jejorda2 the Merfolk Berserker began the quest for the Orb.
     0 | D:1      | Reached XP level 1. HP: 18/18 MP: 1/1
   337 | D:1      | Reached XP level 2. HP: 24/24 MP: 2/2
   881 | D:1      | Reached XP level 3. HP: 29/29 MP: 3/3
  1226 | D:2      | Found Tuetuseg's Antique Armour Emporium.
  1310 | D:2      | Reached ** piety under Trog
  1376 | D:2      | Found Taergh's General Store.
  1407 | D:2      | Found Zocait's Weapon Shop.
  1636 | D:2      | Found Atyuk's Assorted Antiques.
  1810 | D:2      | Found Sethradaq's Jewellery Emporium.
  2156 | D:3      | Reached XP level 4. HP: 23/37 MP: 4/4
  2330 | D:3      | Noticed Jessica
  2466 | D:3      | Killed Jessica
  2742 | D:3      | Found a burning altar of Makhleb.
  2742 | D:3      | Found a faded altar of an unknown god.
  2749 | D:3      | Found a bloodstained altar of Trog.
  2751 | D:3      | Found an iron altar of Okawaru.
  2753 | D:3      | Found a hazy altar of Hepliaklqana.
  3018 | D:2      | Bought a scroll of magic mapping for 35 gold pieces
  3115 | D:4      | Reached XP level 5. HP: 24/42 MP: 5/5
  3363 | D:4      | Found a staircase to the Ecumenical Temple.
  3394 | D:4      | Noticed Ijyb
  3395 | D:4      | Frozen to death by an endoplasm

Illustrated notes

Levels and vault maps discovered:
D:1:      dpeg_arrival_shrine, layout_loops_corners
D:2:      layout_basic, serial_shops, nicolae_shop_crystal, shop, shop,
          nicolae_shop_behind_doors, nicolae_shop_overgrown_old_shop
D:3:      layout_rooms, chequers_temple_overflow_minitemple, uniq_jessica
D:4:      layout_loops_ring, kennysheep_vampire_church, temple_statues,
          gammafunk_ghost_nasty_kobolds, uniq_ijyb, uniq_sigmund, uniq_natasha

Skill      XL: |  1  2  3  4  5 |
---------------+----------------+-----
Dodging        | 3 4 |  4.9
Long Blades    | 4 |  4.7
Armour         | 2 |  2.1
Fighting       | 4 |  4.1

Action                   |  1- 3 |  4- 6 || total
-------------------------+-------+-------++-------
Melee: Falchion          |   115 |    67 ||   182
Invok: Berserk           |       |     2 ||     2
       Trog's Hand       |       |     1 ||     1
  Use: Scroll            |       |     6 ||     6
Armor: Animal skin       |    10 |       ||    10
       Ring mail         |    20 |       ||    20
       Chain mail        |    29 |    39 ||    68
Dodge: Dodged            |    69 |    40 ||   109
       Rpst.: Falchion   |    18 |    18 ||    36

Table legend: (Time is in decaauts)
 A = Elapsed time spent in this place.
 B = Non-inter-level travel time spent in this place.
 C = Inter-level travel time spent in this place.
 D = Time resting spent in this place.
 E = Time spent auto-exploring this place.
 F = Levels seen in this place.
 G = Mean time per level.
                   A        B        C        D        E       F      G
               +--------+--------+--------+--------+--------+-----+--------+
         Total |   3417 |   3220 |    197 |    238 |   2501 |   4 |  854.2 |
       Dungeon |   3417 |   3220 |    197 |    238 |   2501 |   4 |  854.2 |
               +--------+--------+--------+--------+--------+-----+--------+

Top non-repeatable levels by time:
     D:1: 1223 daAuts
     D:2: 1191 daAuts
     D:3: 890 daAuts
     D:4: 111 daAuts
